 Dungeon Crawl Stone Soup version 0.16-a0-253-g996e5b4 (webtiles) character file.

292923 Qrupt the Stickfighter (level 20, -10/167 (168) HPs)
             Began as a Demonspawn Gladiator on Aug 21, 2014.
             Was the Champion of Okawaru.
             Killed by the air
             ... invoked by a spriggan air mage
             ... led by a spriggan defender
              (14 damage)
             ... on Level 3 of the Depths on Aug 23, 2014.
             The game lasted 03:59:07 (53021 turns).

Qrupt the Stickfighter (Demonspawn Gladiator)      Turns: 53021, Time: 03:59:14

HP -10/167 (168) AC 23     Str 21      XL: 20   Next:  0%
MP  33/33        EV 21     Int 10      God: Okawaru [******]
Gold 4126        SH  3     Dex 20      Spells:  0 memorised, 19 levels left

rFire  + + .     SeeInvis +     U - +7 lajatang of Quick Death {freeze, Str+1}
rCold  + . .     Clarity  .     y - +1 mottled dragon armour of Etim {rElec MR+ Int+1 SInv}
rNeg   + . .     rCorr    .     (no shield)
rPois  +         rRot     .     R - +2 hat
rElec  +         Spirit   .     a - +2 cloak of the Morning Star {MR++ Slay+3 Stlth-}
SustAb .         Warding  .     (gloves unavailable)
rMut   .         Stasis   .     B - +2 pair of boots of the Swamp {rF++ rC+}
Gourm  .                        M - amulet of rage
MR     ++++.                    Y - ring of regeneration
                                O - ring of Icvuonuw {+Blink +Inv rPois Str+1}

@: exhausted, about to teleport, slowed, very slow, incredibly resistant to
hostile enchantments, extremely unstealthy
A: claws 3, large bone plates 2, demonic guardian 3, negative energy resistance
1, powered by death 2, spit poison 1, 50% torment resistance
a: Spit Poison, Heroism, Finesse, Renounce Religion, Evoke Blink, Evoke Berserk
Rage, Evoke Invisibility
}: 2/15 runes: decaying, gossamer


You were on level 3 of the Depths.
You worshipped Okawaru.
Okawaru was exalted by your worship.
You were very hungry.

You visited 8 branches of the dungeon, and saw 44 of its levels.
You visited the Abyss 1 time.
You also visited: Bailey.

You collected 5359 gold pieces.
You spent 1233 gold pieces at shops.

Inventory:

Hand weapons
 e - the +10 hunting sling of the Rattle-Snake {flame, rF+}
   (Okawaru gifted it to you on level 4 of the Spider Nest)

   It turns projectiles fired from it into bolts of flame.
   It protects you from fire.
 g - the +10 lajatang "Throanih" {slice, rPois}
   (Okawaru gifted it to you on level 13 of the Dungeon)

   It inflicts extra damage upon your enemies.
   It protects you from poison.
 K - the +9 quarterstaff of Straerhi {speed, Str+3 Dex+3}
   (Okawaru gifted it to you on level 8 of the Lair of Beasts)

   Attacks with this weapon are significantly faster.
   It affects your strength (+3).
   It affects your dexterity (+3).
 U - the +7 lajatang of Quick Death (weapon) {freeze, Str+1}
   (Okawaru gifted it to you on level 1 of the Spider Nest)

   It has been specially enchanted to freeze those struck by it, causing extra
   injury to most foes and up to double damage against particularly susceptible
   opponents.
   It can also slow down cold-blooded creatures.
   It affects your strength (+1).
Armour
 a - the +2 cloak of the Morning Star (worn) {MR++ Slay+3 Stlth-}
   (You bought it in a shop on level 10 of the Dungeon)

   It affects your accuracy and damage with ranged weapons and melee attacks
   (+3).
   It affects your resistance to hostile enchantments.
   It makes you less stealthy.
 y - the +1 mottled dragon armour of Etim (worn) {rElec MR+ Int+1 SInv}
   (You took it off a deep elf master archer on level 3 of the Elven Halls)

   It affects your intelligence (+1).
   It insulates you from electricity.
   It affects your resistance to hostile enchantments.
   It enhances your eyesight.
 B - the +2 pair of boots of the Swamp (worn) {rF++ rC+}
   (You found it on level 1 of the Depths)

   It greatly protects you from fire.
   It protects you from cold.
 R - a +2 hat (worn)
Magical devices
 v - a wand of teleportation (3)
 z - a wand of disintegration (10)
 G - a wand of draining (4)
 P - a wand of draining (5)
 T - a wand of digging (12)
Comestibles
 f - 20 bread rations
 k - 13 fruits
 r - 15 meat rations
 x - 4 royal jellies
 F - 6 chunks of fire dragon flesh
 W - 15 beef jerkies
Scrolls
 d - 7 scrolls of identify
 s - 6 scrolls of blinking
 u - 3 scrolls of enchant armour
 w - 3 scrolls of fog
 A - 17 scrolls of remove curse
 C - 6 scrolls of amnesia
 D - 3 scrolls of teleportation
 E - 5 scrolls of magic mapping
 H - a scroll of silence
 J - 3 scrolls of summoning
 N - 3 scrolls of fear
 S - 4 scrolls of vulnerability
 V - 3 scrolls of recharging
Jewellery
 h - an uncursed ring of see invisible
 j - an uncursed ring of positive energy
 o - an uncursed amulet of resist mutation
 L - an uncursed amulet of stasis
 M - an amulet of rage (around neck)
 O - the ring of Icvuonuw (left claw) {+Blink +Inv rPois Str+1}
   (You took it off a deep elf mage on level 3 of the Elven Halls)

   [ring of poison resistance]

   It affects your strength (+1).
   It protects you from poison.
   It lets you turn invisible.
   It lets you blink.
 Y - a ring of regeneration (right claw)
Potions
 c - 4 potions of flight
 i - 2 potions of restore abilities
 l - 5 potions of agility
 m - 7 potions of might
 n - 2 potions of heal wounds
 p - 5 potions of invisibility
 q - 5 potions of curing
 t - 3 potions of cancellation
 I - 2 potions of berserk rage
 Q - 2 potions of haste
Miscellaneous
 b - a disc of storms
 X - a sack of spiders {used: 1}


   Skills:
 - Level 17.4 Fighting
 - Level 19.4 Staves
 - Level 1.7 Throwing
 + Level 15.2 Armour
 - Level 11.3 Dodging
 - Level 7.1 Invocations
 - Level 12.1 Evocations


You had 19 spell levels left.
You didn't know any spells.

Dungeon Overview and Level Annotations

Branches:
Dungeon (15/15)            Temple (1/1) D:5             Orc (4/4) D:9
    Elf (3/3) Orc:3          Lair (8/8) D:10          Swamp (5/5) Lair:6
 Spider (5/5) Lair:6        Slime (0/6) Lair:6       Vaults (0/5) D:13
 Depths (3/5) D:15

Altars:
Ashenzari
Cheibriados
Dithmenos
Elyvilon
Fedhas
Gozag
Kikubaaqudgha
Makhleb
Nemelex Xobeh
Okawaru
Qazlal
Sif Muna
Trog
Vehumet
Xom
Yredelemnul
Zin
The Shining One
Jiyva

Shops:
D:8 [[?[*   D:10 [   D:12 :[   D:15 (   Orc:4 !:}?   Elf:3 [   Depths:1 =

Portals:
Hell: Depths:1 Depths:2
Abyss: Depths:2
Ziggurat: Depths:1
Trove: D:15 (show slimy rune of Zot)


Innate Abilities, Weirdness & Mutations

You have claws for hands.
You are mostly covered in large bone plates (AC +3, SH +3).
A powerful demonic guardian rushes to your aid.
You resist negative energy.
You can steal the life force of defeated enemies.
You are somewhat able to resist unholy torments (1 in 2 success).
You can spit poison.


Message History

The spriggan defender hits you with a glowing quick blade.
* * * LOW HITPOINT WARNING * * *
The spriggan air mage waves its arms in wide circles.
The air twists around and strikes you!
* * * LOW HITPOINT WARNING * * *
The spriggan defender misses you.
Your cacodemon misses the spriggan defender.
The spriggan defender blocks your cacodemon's attack.
The spriggan air mage waves its arms in wide circles.
The air twists around and strikes you!
* * * LOW HITPOINT WARNING * * *
The spriggan rider hits you but does no damage.
Your cacodemon gestures at the spriggan defender.
The spriggan defender resists with almost no effort.
The spriggan defender hits you with a glowing quick blade!!
* * * LOW HITPOINT WARNING * * *
The spriggan air mage hits your cacodemon.
The spriggan air mage waves its arms in wide circles.
The air twists around and strikes you!
You die...

#.......#######..#
#.....(.#..#..#..#
.....###((.%.#.....#
... #.[%(.###....#
.. #..#....))...#
####.......#.#
#.........#
.....###....#
#.....#.)@..#
....#..#..#i2#
....#######.i#
##..#. #..#.i# .....
#....i# #..###....#
#.Q..Q....##
#.............
#......####.#####


You could see a spriggan defender, a spriggan rider, 2 spriggan air magi and a
friendly cacodemon.

Vanquished Creatures
  Saint Roka (Elf:3)
  Mara (Elf:2)
  Arachne (Spider:4)
  A tentacled monstrosity (Depths:2)
  2 deep elf blademasters (Elf:2)
  2 deep elf master archers (Elf:3)
  A tentacled starspawn (Abyss:1)
  Rupert (Spider:4)
  A daeva (Depths:1)
  2 thorn hunters
  6 ghost moths
  Wiglaf (Spider:4)
  3 deep elf sorcerers (Elf:3)
  9 emperor scorpions
  An iron dragon (Depths:2)
  A frost giant (Depths:3)
  2 fire giants (Depths:2)
  4 very ugly things
  6 stone giants
  6 deep elf demonologists (Elf:3)
  A rakshasa (Depths:2)
  A dire elephant (Depths:1)
  6 deep elf annihilators
  A merfolk javelineer (Depths:1)
  5 ettins
  Snorg (Lair:5)
  4 deep elf death magi
  A vault guard (D:13)
  6 fire dragons
  A deep elf high priest (Elf:3)
  2 merfolk impalers (Depths:1)
  Josephine (D:11)
  2 minotaurs (Depths:2)
  Fannar (Lair:4)
  The ghost of lennard the Cloud Mage, a powerful TeAE of Vehumet (D:12)
  24 hydras
  An ice dragon (Depths:2)
  2 spriggan air magi (Depths:2)
  4 shambling mangroves
  9 alligators
  7 centaur warriors
  7 tengu warriors
  19 death yaks
  3 deep troll shamans
  5 ogre magi
  An orc high priest (Elf:1)
  2 spriggan berserkers (Depths:2)
  A thrashing horror (Abyss:1)
  A soul eater (Abyss:1)
  A wretched star (Abyss:1)
  6 deep elf knights
  9 hell knights (Depths:2)
  13 orb spiders
  An unseen horror (shapeshifter) (Elf:2)
  A large abomination (Abyss:1)
  A flayed ghost (Abyss:1)
  A spriggan druid (Swamp:5)
  7 hill giants
  5 swamp dragons (Swamp:5)
  9 deep elf summoners
  5 starcursed masses (Abyss:1)
  2 giant orange brains (Depths:2)
  3 deep trolls
  5 deep elf conjurers
  5 necromancers
  An orc sorcerer (Orc:3)
  27 wolf spiders
  4 cyclopes
  9 red wasps
  2 manticores
  3 griffons (Lair:8)
  A wizard (D:13)
  16 ugly things
  A red wasp (shapeshifter) (D:13)
  A worldbinder (Abyss:1)
  A sixfirhy (Elf:3)
  A centaur zombie (D:13)
  2 moths of wrath
  A smoke demon (Depths:1)
  21 spiny frogs
  11 elephants
  A gargoyle (D:14)
  An item mimic (Swamp:1)
  A black mamba (Lair:5)
  4 torpor snails
  4 komodo dragons
  2 yaktaurs
  Psyche (Orc:4)
  5 spectral swamp worms (Depths:2)
  2 yaktaur zombies (Depths:1)
  2 kobold demonologists (D:15)
  An efreet (Abyss:1)
  6 small abominations
  3 deep elf priests
  A hellwing (Depths:1)
  4 trolls
  9 demonic crawlers
  A hydra zombie (D:15)
  A blue devil (Elf:1)
  3 fire drakes
  17 jumping spiders
  5 polar bears (Lair:8)
  A tengu conjurer (Depths:2)
  17 slime creatures
  15 two-headed ogres
  A blink frog (shapeshifter) (Depths:2)
  6 baby alligators
  5 bog bodies
  A spriggan zombie (Depths:1)
  14 ravens
  8 blink frogs
  3 giant leeches
  3 raiju (Abyss:1)
  A vampire (Depths:2)
  22 trapdoor spiders
  6 water elementals
  A spriggan skeleton (Depths:1)
  42 redbacks
  9 spriggans
  35 yaks
  2 shadows
  5 basilisks
  2 air elementals (Depths:2)
  12 deep elf fighters
  2 hill giant zombies
  A wyvern (Lair:6)
  31 deep elf magi
  5 hippogriffs
  A wraith (D:10)
  Eustachio (Orc:2)
  9 vampire mosquitoes
  Grum (Orc:1)
  26 tarantellas
  26 wolves
  2 soldier ants
  9 hogs (Lair:8)
  A steam dragon (Lair:8)
  3 neqoxecs
  5 mottled dragons
  12 porcupines
  A tengu zombie (D:13)
  7 hell hounds
  22 water moccasins
  30 swamp worms
  17 swamp drakes
  2 ice beasts
  33 orc warriors
  9 wargs
  A necrophage (D:12)
  5 sky beasts
  35 spiders
  6 black bears
  A phantom (D:14)
  12 yellow wasps
  20 centaurs
  2 boring beetles
  26 crocodiles
  29 ogres
  7 big kobolds
  25 giant frogs
  18 insubstantial wisps
  A water moccasin skeleton (D:8)
  A cyclops skeleton (D:11)
  9 scorpions
  21 killer bees
  9 electric eels
  An eye of draining (D:13)
  8 wights
  10 crimson imps
  2 jellies
  A yak skeleton (D:5)
  A yaktaur simulacrum (Depths:1)
  A tengu skeleton (D:11)
  4 goliath beetles
  16 orc priests
  21 hounds
  An elf skeleton (D:9)
  11 iguanas
  28 orc wizards
  A shapeshifter simulacrum (D:15)
  7 orange rats
  5 worker ants
  3 sheep (D:15)
  A hippogriff simulacrum (D:11)
  An elf simulacrum (D:11)
  A hound zombie (D:6)
  A hound skeleton (D:6)
  A worker ant zombie (D:9)
  4 gnolls (Orc:4)
  66 green rats
  2 shadow imps
  18 adders
  2 giant mites
  An orc skeleton (D:10)
  3 worms (D:3)
  An adder skeleton (D:8)
  An iguana skeleton (D:3)
  2 orc zombies
  4 giant geckos
  2 oozes
  181 orcs
  18 goblins
  24 hobgoblins
  11 jackals
  53 kobolds
  9 quokkas
  17 bats
  4 giant cockroaches
  A giant gecko skeleton (D:6)
  A giant newt (D:6)
  A kobold skeleton (D:6)
  2 kobold zombies (D:12)
  A quokka skeleton (D:5)
  13 rats
  2 ballistomycetes (D:13)
  A butterfly (D:2)
  A crawling corpse (Elf:3)
1689 creatures vanquished.

Vanquished Creatures (collateral kills)
  Mara (Elf:3)
  A tentacled monstrosity (Depths:2)
  Frances (Spider:5)
  A deep elf sorcerer (Elf:3)
  A fire giant (Depths:2)
  An orc warlord (Orc:3)
  An emperor scorpion (Spider:5)
  Gastronok (Orc:2)
  A stone giant (Depths:2)
  2 very ugly things
  2 deep elf demonologists (Elf:3)
  2 deep elf annihilators (Elf:3)
  3 deep elf death magi (Elf:3)
  2 deep elf high priests (Elf:3)
  A hydra (Lair:8)
  A rakshasa (Depths:2)
  Harold (Orc:2)
  Erica (Orc:3)
  A spriggan air mage (Depths:2)
  5 death yaks
  2 hell knights (Depths:2)
  A deep troll (Depths:2)
  An iron troll (Depths:2)
  2 orb spiders
  An orc knight (D:13)
  3 wolf spiders
  A phantasmal warrior (Abyss:1)
  4 ugly things
  A spiny frog (Lair:6)
  8 elephants
  A black mamba (Lair:4)
  A small abomination (Elf:2)
  A yaktaur (Depths:2)
  A queen bee (shapeshifter) (Depths:1)
  6 two-headed ogres (Orc:4)
  2 jumping spiders
  A redback (Spider:1)
  A wyvern (Lair:6)
  A yak (Lair:7)
  A hippogriff (Lair:6)
  3 wolves
  A warg (Elf:3)
  A vampire mosquito (Swamp:1)
  Edmund (D:6)
  A swamp worm (Lair:6)
  3 orc warriors
  A hell hound (Lair:8)
  2 water moccasins
  A black bear (Lair:8)
  2 spiders (Spider:4)
  4 centaurs
  4 ogres (Orc:4)
  A crocodile (Lair:8)
  2 giant frogs
  2 hounds
  2 orc priests
  An orc wizard (D:8)
  2 adders
  2 green rats
  8 orcs
  2 goblins (Orc:2)
  2 hobgoblins
  A kobold (D:9)
  A crawling corpse (Elf:3)
  A starspawn tentacle (Abyss:1)
121 creatures vanquished.

Vanquished Creatures (others)
  3 Executioners
  The ghost of lrvs the Scorcher, a mighty DEFE of Vehumet (Spider:2)
  4 cacodemons
  3 reapers
  6 balrugs
  12 sun demons
  8 soul eaters
  8 ice devils
  6 sixfirhies
  12 smoke demons
  A redback (Swamp:5)
  A trapdoor spider (Swamp:5)
  An orc warrior (Elf:3)
  A lost soul (Elf:3)
  A big kobold (D:15)
  12 iron imps
  15 crimson imps
  13 quasits
  24 white imps
  23 ufetubi
  An orc (D:12)
  A giant spore (D:13)
  A goblin (Orc:2)
  9 fungi
  10 plants
  4 starspawn tentacles (Abyss:1)
  57 starspawn tentacle segments (Abyss:1)
238 creatures vanquished.

Grand Total: 2048 creatures vanquished

Notes
Turn   | Place    | Note
--------------------------------------------------------------
     0 | D:1      | Qrupt, the Demonspawn Gladiator, began the quest for the Orb.
     0 | D:1      | Reached XP level 1. HP: 16/16 MP: 1/1
    81 | D:1      | Reached skill level 3 in Staves
   240 | D:1      | Gained mutation: You can steal the life force of nearby defeated enemies. [demonic ancestry]
   240 | D:1      | Reached XP level 2. HP: 17/22 MP: 2/2
   555 | D:2      | Gained mutation: A weak demonic guardian rushes to your aid. [demonic ancestry]
   555 | D:2      | Reached XP level 3. HP: 23/27 MP: 3/3
   587 | D:2      | Reached skill level 4 in Staves
   971 | D:2      | Found a shimmering altar of Xom.
  1118 | D:3      | Found a blossoming altar of Fedhas.
  1134 | D:3      | Gained mutation: You can steal the life force of defeated enemies. [demonic ancestry]
  1134 | D:3      | Reached XP level 4. HP: 25/33 MP: 4/4
  1342 | D:3      | Found a stormy altar of Qazlal.
  1479 | D:3      | Reached skill level 5 in Staves
  1576 | D:3      | Found a bloodstained altar of Trog.
  2290 | D:4      | Gained mutation: You have sharp fingernails. [demonic ancestry]
  2290 | D:4      | Reached XP level 5. HP: 39/39 MP: 5/5
  2633 | D:4      | Noticed a centaur
  2647 | D:4      | Killed a centaur
  2927 | D:5      | Entered Level 5 of the Dungeon
  3222 | D:5      | Gained mutation: You are partially covered in large bone plates (AC +2, SH +2). [demonic ancestry]
  3222 | D:5      | Reached XP level 6. HP: 47/49 MP: 6/6
  3354 | D:5      | Reached skill level 5 in Fighting
  3439 | D:5      | Found a staircase to the Ecumenical Temple.
  3451 | Temple   | Entered the Ecumenical Temple
  3704 | Temple   | Became a worshipper of Warmaster Okawaru
  4008 | D:5      | Noticed a centaur
  4020 | D:5      | Reached skill level 6 in Fighting
  4020 | D:5      | Gained mutation: You are mostly covered in large bone plates (AC +3, SH +3). [demonic ancestry]
  4020 | D:5      | Reached XP level 7. HP: 30/58 MP: 7/7
  4037 | D:5      | Killed a centaur
  4170 | D:5      | Found a sparkling altar of Nemelex Xobeh.
  4235 | D:6      | Reached skill level 7 in Fighting
  4272 | D:6      | Found an iron altar of Okawaru.
  4510 | D:6      | Acquired Okawaru's first power
  4553 | D:6      | Noticed Edmund
  4595 | D:6      | Killed Edmund
  4595 | D:6      | Reached skill level 8 in Fighting
  4636 | D:6      | Reached XP level 8. HP: 31/69 MP: 8/8
  4658 | D:6      | Found an ancient bone altar of Kikubaaqudgha.
  4721 | D:6      | Found a deep blue altar of Sif Muna.
  4826 | D:6      | Reached skill level 9 in Fighting
  4940 | D:7      | Found a glowing silver altar of Zin.
  5561 | D:7      | Found a shadowy altar of Dithmenos.
  5716 | D:7      | Reached skill level 10 in Fighting
  5947 | D:7      | Found a deep blue altar of Sif Muna.
  6181 | D:8      | Found Myissur's Magic Scroll Shoppe.
  6181 | D:8      | Found Bralec's Antique Armour Emporium.
  6344 | D:8      | Bought a pair of glowing boots for 144 gold pieces
  6467 | D:8      | Reached skill level 1 in Armour
  6488 | D:8      | Gained mutation: You have very sharp fingernails. [demonic ancestry]
  6488 | D:8      | Reached XP level 9. HP: 49/78 MP: 9/9
  6843 | D:8      | Found Paeg Ree's Antique Armour Shoppe.
  6963 | D:8      | Reached skill level 5 in Armour
  7000 | D:8      | Found Cyes' Antique Armour Emporium.
  7064 | D:8      | Found Twabb's General Store.
  7539 | D:8      | Bought a pair of smoking gloves for 275 gold pieces
  7545 | D:8      | Identified the cursed -1 pair of gloves "Fipnob" {Dex+2 Int+2 Slay+4 Stlth+} (You bought it in a shop on level 8 of the Dungeon)
  7694 | D:9      | Received a gift from Okawaru
  7808 | D:9      | Found an opulent altar of Gozag.
  7832 | D:9      | Found a staircase to the Orcish Mines.
  8014 | D:9      | Found a snail-covered altar of Cheibriados.
  8108 | D:9      | Found an opulent altar of Gozag.
  8144 | D:10     | Entered Level 10 of the Dungeon
  8294 | D:10     | Got a twisted scale mail
  8305 | D:10     | Identified the cursed -2 scale mail "Onnosk" {+Rage rF++ Slay-7} (You found it on level 10 of the Dungeon)
  8361 | D:10     | Found Iwiseagy's Armour Shoppe.
  8546 | D:10     | Found a staircase to the Lair.
  8555 | D:10     | Reached XP level 10. HP: 59/85 MP: 10/10
  9207 | Lair:1   | Entered Level 1 of the Lair of Beasts
  9232 | Lair:1   | Noticed an eight-headed hydra
  9603 | Lair:1   | Acquired Okawaru's second power
  9942 | Lair:1   | Killed an eight-headed hydra
  9942 | Lair:1   | Received a gift from Okawaru
  9942 | Lair:1   | Reached skill level 10 in Armour
 11014 | Lair:2   | Reached XP level 11. HP: 70/90 MP: 11/11
 12683 | Lair:3   | Reached skill level 10 in Staves
 13371 | Lair:4   | Received a gift from Okawaru
 13528 | Lair:4   | Noticed Fannar
 13574 | Lair:4   | Reached skill level 11 in Staves
 13838 | Lair:4   | Killed Fannar
 14124 | Lair:4   | Reached skill level 1 in Invocations
 14476 | Lair:5   | Reached XP level 12. HP: 93/97 MP: 14/18
 14544 | Lair:5   | Noticed Snorg
 14562 | Lair:5   | Reached skill level 5 in Invocations
 14590 | Lair:5   | Killed Snorg
 15192 | Lair:6   | Found a hole to the Spider Nest.
 15204 | Lair:6   | Reached skill level 1 in Evocations
 15272 | Lair:6   | Found a viscous altar of Jiyva.
 15272 | Lair:6   | Found a staircase to the Slime Pits.
 15543 | Lair:6   | Reached skill level 5 in Evocations
 15561 | Lair:6   | Received a gift from Okawaru
 16289 | Lair:6   | Found a staircase to the Swamp.
 17072 | Lair:7   | HP: 3/97 [spiny frog (14)]
 17849 | Lair:7   | Noticed a seven-headed hydra
 17901 | Lair:7   | Killed a seven-headed hydra
 18122 | Lair:6   | Reached skill level 10 in Evocations
 18158 | Lair:6   | Gained mutation: A demonic guardian rushes to your aid. [demonic ancestry]
 18158 | Lair:6   | Reached XP level 13. HP: 63/103 MP: 26/26
 18245 | Lair:7   | Noticed a seven-headed hydra
 18253 | Lair:7   | Killed a seven-headed hydra
 18813 | Orc:1    | Entered Level 1 of the Orcish Mines
 18815 | Orc:1    | Noticed Grum
 18833 | Orc:1    | Killed Grum
 18995 | Orc:2    | Noticed Harold
 19016 | Orc:2    | Killed Harold
 19051 | Orc:2    | Noticed Gastronok
 19073 | Orc:2    | Killed Gastronok
 19213 | Orc:2    | Noticed Eustachio
 19220 | Orc:2    | Killed Eustachio
 19481 | Orc:2    | Received a gift from Okawaru
 19635 | Orc:3    | Found a staircase to the Elven Halls.
 19696 | Orc:3    | Noticed an orc warlord
 19712 | Orc:3    | Killed an orc warlord
 19712 | Orc:3    | Reached skill level 12 in Evocations
 20233 | Orc:3    | Noticed Erica
 20240 | Orc:3    | Killed Erica
 20614 | Orc:1    | Found a bloodstained altar of Trog.
 20935 | Orc:4    | Entered Level 4 of the Orcish Mines
 20935 | Orc:4    | Found a bloodstained altar of Trog.
 20971 | Orc:4    | Noticed Psyche
 20990 | Orc:4    | Killed Psyche
 21485 | Orc:4    | Received a gift from Okawaru
 21485 | Orc:4    | Reached skill level 13 in Staves
 21520 | Orc:4    | Found Noiluossuy's Book Shoppe.
 21520 | Orc:4    | Found Klink's Magic Scroll Boutique.
 21521 | Orc:4    | Found Shraal's Distillery.
 21521 | Orc:4    | Found Upnacah's Gadget Shoppe.
 21649 | Orc:4    | Bought a potion of heal wounds for 51 gold pieces
 21652 | Orc:4    | Bought a scroll of blinking for 135 gold pieces
 21652 | Orc:4    | Bought a scroll of blinking for 135 gold pieces
 21947 | D:10     | Bought the +2 cloak of the Morning Star {MR++ Slay+3 Stlth-} for 493 gold pieces
 22182 | Lair:8   | Entered Level 8 of the Lair of Beasts
 22484 | Lair:8   | Reached XP level 14. HP: 105/110 MP: 29/29
 22562 | Lair:8   | Received a gift from Okawaru
 22563 | Lair:8   | Got a slimy quarterstaff {god gift}
 22564 | Lair:8   | Identified the +9 quarterstaff of Straerhi {speed, Str+3 Dex+3} (Okawaru gifted it to you on level 8 of the Lair of Beasts)
 22775 | Lair:8   | Reached skill level 14 in Staves
 23082 | Lair:8   | Received a gift from Okawaru
 23755 | Lair:8   | Reached skill level 15 in Staves
 24478 | D:11     | Noticed Josephine
 24491 | D:11     | Killed Josephine
 25002 | D:12     | Found Ocliruny's Armour Shoppe.
 25211 | D:12     | Found Loeg's Book Shoppe.
 25331 | D:12     | Reached skill level 16 in Staves
 25353 | D:12     | Noticed lennard's ghost (powerful TeAE)
 25382 | D:12     | Killed lennard's ghost
 25442 | D:12     | Received a gift from Okawaru
 26246 | D:13     | Received a gift from Okawaru
 26252 | D:13     | Gained mutation: You have claws for hands. [demonic ancestry]
 26252 | D:13     | Reached XP level 15. HP: 67/115 MP: 29/29
 26277 | D:13     | Got an encrusted lajatang {god gift}
 26299 | D:13     | Identified the +10 lajatang "Throanih" {slice, rPois} (Okawaru gifted it to you on level 13 of the Dungeon)
 26726 | D:13     | Found a gate to the Vaults.
 26975 | D:14     | Found a flagged portal.
 27020 | Bailey   | Entered a bailey
 28399 | D:15     | Entered Level 15 of the Dungeon
 28565 | D:15     | Found a glowing golden altar of the Shining One.
 28740 | D:15     | Found a staircase to the Depths.
 28744 | D:15     | Received a gift from Okawaru
 28839 | D:15     | Found a portal to a secret trove of treasure.
 29306 | D:15     | Found Bashrez's Antique Weapon Shop.
 29515 | D:12     | Upgraded the game from 0.16-a0-231-g3d5c238 to 0.16-a0-249-g5922f4d
 29786 | Spider:1 | Entered Level 1 of the Spider Nest
 30127 | Spider:1 | Received a gift from Okawaru
 30130 | Spider:1 | Got a jewelled lajatang {god gift}
 30131 | Spider:1 | Identified the +7 lajatang of Quick Death {freeze, Str+1} (Okawaru gifted it to you on level 1 of the Spider Nest)
 31116 | Spider:2 | Noticed lrvs' ghost (mighty DEFE)
 31623 | Spider:2 | Killed lrvs' ghost
 31716 | Spider:2 | Received a gift from Okawaru
 31721 | Spider:2 | Gained mutation: You can spit poison. [potion of beneficial mutation]
 31723 | Spider:2 | Got a polished quarterstaff {god gift}
 31724 | Spider:2 | Identified the +5 quarterstaff "Obligug" {crush, rF+ Str+3} (Okawaru gifted it to you on level 2 of the Spider Nest)
 32493 | Spider:3 | Gained mutation: You resist negative energy. [demonic ancestry]
 32493 | Spider:3 | Reached XP level 16. HP: 133/133 MP: 30/30
 33256 | Spider:4 | Noticed Rupert
 33268 | Spider:4 | Killed Rupert
 33268 | Spider:4 | Received a gift from Okawaru
 33268 | Spider:4 | Reached skill level 15 in Fighting
 33273 | Spider:4 | Got a bloodstained hunting sling {god gift}
 33274 | Spider:4 | Identified the +10 hunting sling of the Rattle-Snake {flame, rF+} (Okawaru gifted it to you on level 4 of the Spider Nest)
 33637 | Spider:4 | Noticed Arachne
 33651 | Spider:4 | Killed Arachne
 34037 | Spider:5 | Entered Level 5 of the Spider Nest
 34058 | Spider:5 | Noticed Wiglaf
 34580 | Spider:4 | Killed Wiglaf
 34682 | Spider:5 | Noticed Frances
 34822 | Spider:5 | Killed Frances
 35951 | Spider:5 | Reached skill level 17 in Fighting
 36046 | Spider:5 | Received a gift from Okawaru
 36170 | Spider:5 | Received a gift from Okawaru
 36799 | Spider:5 | Got a gossamer rune of Zot
 37152 | Spider:5 | Reached XP level 17. HP: 86/148 MP: 31/31
 37516 | Swamp:1  | Entered Level 1 of the Swamp
 37526 | Swamp:1  | Identified Kliufu's Tome of Battle Magic
 38027 | Swamp:1  | Received a gift from Okawaru
 39227 | Swamp:3  | Received a gift from Okawaru
 39874 | Swamp:3  | Reached skill level 18 in Staves
 40912 | Swamp:4  | Upgraded the game from 0.16-a0-249-g5922f4d to 0.16-a0-253-g996e5b4
 41150 | Swamp:4  | Received a gift from Okawaru
 41169 | Swamp:4  | Got a brightly glowing leather armour {god gift}
 41714 | Swamp:5  | Entered Level 5 of the Swamp
 41804 | Swamp:5  | Identified the +2 leather armour of Paixofim {Str-2 Dex+2 Int+4} (Okawaru gifted it to you on level 4 of the Swamp)
 42499 | Swamp:5  | Got a decaying rune of Zot
 42550 | Swamp:5  | Reached skill level 19 in Staves
 43501 | Elf:1    | Entered Level 1 of the Elven Halls
 44554 | Elf:2    | Found a burning altar of Makhleb.
 44885 | Elf:2    | Gained mutation: A powerful demonic guardian rushes to your aid. [demonic ancestry]
 44885 | Elf:2    | Reached XP level 18. HP: 154/154 MP: 32/32
 45399 | Elf:3    | Entered Level 3 of the Elven Halls
 45893 | Elf:3    | Reached skill level 5 in Dodging
 46192 | Elf:3    | Found Guup Add's Antique Armour Shop.
 46283 | Elf:3    | Noticed Mara
 46301 | Elf:3    | Killed Mara
 46370 | Elf:2    | Received a gift from Okawaru
 46870 | Elf:2    | Killed Mara
 47309 | Elf:3    | Noticed Saint Roka
 47328 | Elf:3    | Cast into the Abyss (orc warrior)
 47390 | Abyss:1  | Got an ancient ring mail
 47486 | Abyss:1  | Reached skill level 10 in Dodging
 47679 | Abyss:1  | Identified the cursed +5 ring mail "Apoep" {rF+} (You found it on level 1 of the Abyss)
 47907 | Elf:3    | Escaped the Abyss
 48059 | Elf:3    | Killed Saint Roka
 48187 | Elf:3    | Got a sparkling jade ring
 48188 | Elf:3    | Identified the ring of Icvuonuw {+Blink +Inv rPois Str+1} (You took it off a deep elf mage on level 3 of the Elven Halls)
 48307 | Elf:3    | Received a gift from Okawaru
 48468 | Elf:3    | Got a crude mottled dragon armour
 48479 | Elf:3    | Identified the +1 mottled dragon armour of Etim {rElec MR+ Int+1 SInv} (You took it off a deep elf master archer on level 3 of the Elven Halls)
 48966 | Depths:1 | Entered Level 1 of the Depths
 49108 | Depths:1 | Gained mutation: You are somewhat able to resist unholy torments (1 in 2 success). [demonic ancestry]
 49108 | Depths:1 | Reached XP level 19. HP: 149/160 MP: 32/32
 49172 | Depths:1 | Found a gateway to a ziggurat.
 49268 | Depths:1 | Found Grosail's Jewellery Shoppe.
 49587 | Depths:1 | Received a gift from Okawaru
 49717 | Depths:1 | Got a pair of smoking boots
 49723 | Depths:1 | Identified the +2 pair of boots of the Swamp {rF++ rC+} (You found it on level 1 of the Depths)
 50214 | Depths:1 | Found a glowing golden altar of the Shining One.
 50295 | Depths:1 | Found a gateway to Hell.
 51364 | Depths:2 | Found a one-way gate to the infinite horrors of the Abyss.
 51641 | Depths:2 | Received a gift from Okawaru
 52793 | Depths:3 | Reached skill level 15 in Armour
 53011 | Depths:3 | Reached XP level 20. HP: 167/167 MP: 33/33
 53021 | Depths:3 | HP: 4/167 [spriggan defender/glowing quick blade (23)]
 53021 | Depths:3 | Killed from afar by a spriggan air mage

Action                   |  1- 3 |  4- 6 |  7- 9 | 10-12 | 13-15 | 16-18 | 19-21 || total
-------------------------+-------+-------+-------+-------+-------+-------+-------++-------
Melee: Quarterstaff      |   133 |   192 |   573 |  1074 |  1468 |   177 |       ||  3617
       Lajatang          |       |       |       |       |   485 |  1510 |   662 ||  2657
       Unarmed           |       |       |       |       |    31 |       |       ||    31
Throw: Throwing net      |       |       |     3 |     2 |     2 |     5 |       ||    12
       Javelin           |       |       |       |     2 |       |       |       ||     2
       Tomahawk          |       |       |       |       |       |     3 |       ||     3
 Abil: Spit Poison       |       |       |       |       |       |       |     1 ||     1
Evoke: Wand              |     1 |     1 |    11 |     9 |     4 |     2 |       ||    28
       Sack of spiders   |       |       |       |       |       |     2 |       ||     2
  Use: Scroll            |     7 |     3 |     6 |    18 |    13 |    17 |     4 ||    68
       Potion            |       |       |     1 |     8 |     2 |    12 |     2 ||    25
 Stab: Sleeping          |       |     1 |     1 |       |       |       |       ||     2
       Held in net/web   |       |       |     4 |     1 |     2 |     1 |       ||     8
       Distracted        |       |       |     3 |     8 |     9 |    10 |     4 ||    34
       Fleeing           |       |       |       |       |     1 |       |       ||     1
       Confused          |       |       |       |       |       |     2 |       ||     2
  Eat: Chunk             |       |    10 |    14 |    27 |    42 |    38 |     9 ||   140
       Pizza             |       |       |     1 |       |     1 |     2 |     1 ||     5
       Fruit             |       |       |       |     5 |     3 |     8 |     4 ||    20
       Beef jerky        |       |       |       |       |       |     7 |     1 ||     8
       Meat ration       |       |       |       |       |       |     1 |       ||     1
       Bread ration      |       |       |       |       |       |       |     1 ||     1
